 Dungeon Crawl Stone Soup version 0.27-a0-385-g3208abaabc (webtiles) character file.

Game seed: 2769416214063560480

117 dolemite99 the Ruffian (level 4, -7/51 HPs)
             Began as a Demigod Transmuter on Feb 19, 2021.
             Mangled by Sigmund
             ... wielding a +0 scythe
              (9 damage)
             ... on level 2 of the Dungeon.
             The game lasted 00:04:26 (2484 turns).

dolemite99 the Ruffian (Demigod Transmuter)         Turns: 2484, Time: 00:04:27

Health: -7/51      AC:  3    Str: 15    XL:     4   Next: 44%
Magic:  9/9        EV: 12    Int: 15    God:
Gold:   23         SH:  0    Dex: 14    Spells: 3/6 levels left

rFire    . . .     SeeInvis .     - Unarmed
rCold    . . .     Faith    .   (no shield)
rNeg     . . .     Spirit   .   a - +0 robe
rPois    .         Reflect  .   o - +0 helmet
rElec    .         Harm     .   (no cloak)
rCorr    .         Rampage  .   (no gloves)
Will     .....                  (no boots)
Stlth    ..........             (no amulet)
HPRegen  0.17/turn              (no ring)
MPRegen  0.11/turn              (no ring)

@: berserking (expiring), very quick
A: high mp 1
a: no special abilities


You were on level 2 of the Dungeon.
You visited 1 branch of the dungeon, and saw 2 of its levels.

You collected 23 gold pieces.

Inventory:

Hand Weapons
 i - a +0 vorpal mace
Missiles
 f - 11 bolts
 j - 120 stones
 n - 16 sling bullets
 q - 8 boomerangs
 r - 28 poisoned darts
 s - 49 arrows
Armour
 a - a +0 robe (worn)
 d - a +2 scale mail of cold resistance
 l - a +0 chain mail
 o - a +0 helmet (worn)
Jewellery
 m - a ring of wizardry {unknown}
Scrolls
 c - a scroll of enchant weapon {unknown}
 g - a scroll of random uselessness {unknown}
 k - 4 scrolls of identify {@r1}
 p - a scroll of enchant armour {unknown}
Potions
 h - a potion of cancellation {unknown}
 t - a potion of haste {unknown}


   Skills:
 - Level 0.8 Fighting
 - Level 1.7 Dodging
 + Level 4.0 Unarmed Combat
 - Level 1.7 Spellcasting
 + Level 3.4 Transmutations


You had 3 spell levels left.
You knew the following spells:

 Your Spells              Type           Power        Failure   Level
a - Beastly Appendage     Tmut           22%          5%          1
b - Wereblood             Tmut           11%          9%          2

Your spell library contained the following spells:

 Spells                   Type           Power        Failure   Level
 Spider Form              Tmut/Pois      3%           34%         3
 Ice Form                 Ice/Tmut       6%           75%         4
 Blade Hands              Tmut           5%           83%         5


Dungeon Overview and Level Annotations

Branches:
Dungeon (2/15)

Annotations:
D:2 1 exclusion, Sigmund


Innate Abilities, Weirdness & Mutations

You have an increased reservoir of magic. (+10% MP)


Message History

Sigmund hits you from afar with a +0 scythe!
You bump into the rock wall.
You feel less confused.
Sigmund hits you from afar with a +0 scythe!
* * * LOW HITPOINT WARNING * * *
A red film seems to cover your vision as you go berserk!
You feel yourself moving faster!
You feel mighty!
You feel a strong urge to attack something.
Sigmund closely misses you.
You barely miss Sigmund. You closely miss Sigmund. You completely miss Sigmund.
Sigmund gestures at you while chanting. The puff of flame hits you!
* * * LOW HITPOINT WARNING * * *
You punch Sigmund!
Sigmund is moderately wounded.
Sigmund says, "Now you see me, now you don't..."
Sigmund closely misses you.
You hit Sigmund but do no damage.
Sigmund is moderately wounded.
You punch Sigmund!
Sigmund is heavily wounded.
You punch Sigmund!
Sigmund is almost dead.
Sigmund gestures at himself while chanting.
Sigmund flickers and vanishes!
Deactivating autopickup; reactivate with Ctrl-A.
You barely miss something. Something barely misses you.
You closely miss something. You barely miss something.
Something barely misses you.
You barely miss something. You closely miss something.
You closely miss something.
You hear some strange, mumbled words.
A magic dart appears from out of thin air!
The magic dart hits you!
* * * LOW HITPOINT WARNING * * *
You closely miss something. Something hits you!
You die...

#.############. #.# #.
##########.# #. #........#.# #.
#......#.#.##### #.
###############.#.#.....# ##.
§§§§.....)..............# #..
§§§§..................#.# #.#
§§§§...........{@....##.## ##.#
.##..###############.###.# #.##
.##..#......########[#.#.## ##.##
.###...................##.# #.##.
...###........##.....#..#.###.###
...###.........#.#####..##.#.##..
_......_..8.._.#†# #..##...####
...##..........#.# #...##'##...
.†.##..........#.# #.###...####


There were no monsters in sight!

Vanquished Creatures
  Robin (D:2)
  3 gnolls (D:2)
  An ooze (D:2)
  A worm (D:2)
  4 dart slugs
  A leopard gecko (D:2)
  2 bats (D:2)
  3 giant cockroaches
  4 hobgoblins
  9 jackals
  A quokka (D:2)
  8 frilled lizards
  9 goblins
  5 kobolds
  9 rats
61 creatures vanquished.

Notes
Turn   | Place    | Note
-------+----------+-------------------------------------------
     0 | D:1      | dolemite99 the Demigod Transmuter began the quest for the
                  | Orb.
     0 | D:1      | Reached XP level 1. HP: 15/15 MP: 5/5
   217 | D:1      | Reached skill level 3 in Unarmed Combat
   238 | D:1      | Reached XP level 2. HP: 20/22 MP: 7/7
   926 | D:2      | Reached XP level 3. HP: 23/27 MP: 8/8
   934 | D:2      | Noticed Robin
  1070 | D:2      | Killed Robin
  1267 | D:2      | Found a stormy altar of Qazlal.
  1283 | D:2      | Found a shimmering altar of Xom.
  1422 | D:2      | Found a broken altar of Ashenzari.
  1604 | D:2      | Reached XP level 4. HP: 16/34 MP: 9/9
  1862 | D:2      | Learned a level 2 spell: Wereblood
  2032 | D:2      | Reached skill level 4 in Unarmed Combat
  2445 | D:2      | Noticed Sigmund
  2483 | D:2      | HP: 1/51 [something/magic dart (7)]
  2484 | D:2      | Mangled by Sigmund

Illustrated notes

Levels and vault maps discovered:
D:1:      minmay_arrival_four_circles, layout_rooms, minmay_misc_feat_rows
D:2:      layout_basic, grunt_qazlal_clouds, grunt_temple_overflow_open,
          grunt_decor_clamped, grunt_decor_fettered, kennysheep_minor_cross,
          kennysheep_okawaru_gauntlet, uniq_sigmund, uniq_robin

Skill      XL: |  1  2  3  4 |
---------------+-------------+-----
Transmutations | 2 3 |  3.4
Unarmed Combat | 3 4 |  4.0
Fighting       | |  0.8
Dodging        | |  1.7
Spellcasting   | |  1.7

Action                   |  1- 3 |  4- 6 || total
-------------------------+-------+-------++-------
Melee: Unarmed           |   140 |    51 ||   191
       Punch             |     2 |       ||     2
       Kick              |    10 |     3 ||    13
       Headbutt          |     8 |     4 ||    12
 Cast: Beastly Appendage |     6 |    10 ||    16
  Use: Scroll            |       |     2 ||     2
       Potion            |       |     2 ||     2
Armor: Scale mail        |    62 |       ||    62
       Robe              |     5 |    13 ||    18
Dodge: Dodged            |    55 |    48 ||   103

Table legend: (Time is in decaauts)
 A = Elapsed time spent in this place.
 B = Non-inter-level travel time spent in this place.
 C = Inter-level travel time spent in this place.
 D = Time resting spent in this place.
 E = Time spent auto-exploring this place.
 F = Levels seen in this place.
 G = Mean time per level.
                   A        B        C        D        E       F      G
               +--------+--------+--------+--------+--------+-----+--------+
         Total |   2480 |   2460 |     20 |    879 |    799 |   2 | 1240.0 |
       Dungeon |   2480 |   2460 |     20 |    879 |    799 |   2 | 1240.0 |
               +--------+--------+--------+--------+--------+-----+--------+

Top non-repeatable levels by time:
     D:2: 1464 daAuts
     D:1: 1015 daAuts
